 Dungeon Crawl Stone Soup version 0.18.1-8-gdd0e5ea (webtiles) character file.

49 pandaman124 the Skirmisher (level 3, -5/29 HPs)
             Began as a Demonspawn Abyssal Knight on May 27, 2016.
             Was a Follower of Lugonu.
             Slain by a gnoll
             ... wielding a +0 halberd
              (7 damage)
             ... on level 2 of the Dungeon.
             The game lasted 00:04:01 (1356 turns).

pandaman124 the Skirmisher (DsAK)                   Turns: 1356, Time: 00:04:01

Health: -5/29      AC:  9    Str: 13    XL:     3   Next: 51%
Magic:  5/5        EV:  6    Int: 13    God:    Lugonu [*.....]
Gold:   102        SH:  0    Dex: 12    Spells: 0 memorised, 2 levels left

rFire  . . .     SeeInvis .     a - +1 spear
rCold  . . .     Gourm    .     i - +1 chain mail
rNeg   . . .     Faith    .     (no shield)
rPois  .         Spirit   .     (no helmet)
rElec  .         Dismiss  .     (no cloak)
rCorr  .         Reflect  .     (no gloves)
SustAt .         Harm     .     (no boots)
MR     .....                    (no amulet)
Stlth  ..........               (no ring)
                                (no ring)

@: not resistant to hostile enchantments, extremely unstealthy
A: claws 1
a: Depart the Abyss, Renounce Religion


You were on level 2 of the Dungeon.
You worshipped Lugonu.
Lugonu was aware of your devotion.
You were not hungry.

You visited 1 branch of the dungeon, and saw 2 of its levels.
You visited the Abyss 1 time.

You collected 102 gold pieces.

Inventory:

Hand Weapons
 a - a +1 spear (weapon)
Armour
 b - a +1 leather armour
 i - a +1 chain mail (worn)
Jewellery
 j - a +2 ring of dexterity {unknown}
Scrolls
 g - 3 scrolls of recharging
Potions
 e - a potion of curing {unknown}
 l - a potion of cancellation {unknown}
 n - a potion of might {unknown}
Comestibles
 c - 2 bread rations
 d - a beef jerky
 f - 5 chunks of flesh
 h - a slice of pizza


   Skills:
 + Level 3.5 Fighting
 * Level 2.4 Polearms
 - Level 2.0 Armour
 - Level 1.0 Dodging
 * Level 3.4 Invocations


You had 2 spell levels left.
You didn't know any spells.

Dungeon Overview and Level Annotations

Branches:
Dungeon (2/15)

Altars:


Innate Abilities, Weirdness & Mutations

You have sharp fingernails.


Message History

The gnoll hits you from afar with a halberd!
You hit the gnoll but do no damage.
The gnoll is moderately wounded.
The gnoll hits you but does no damage.
You hit the gnoll.
The gnoll is heavily wounded.
The gnoll hits you from afar with a halberd!
You hit the gnoll.
The gnoll is heavily wounded.
The gnoll barely misses you. x2
You completely miss the gnoll.
The gnoll is heavily wounded.
The gnoll hits you but does no damage.
The gnoll hits you from afar with a halberd!
* * * LOW HITPOINT WARNING * * *
You puncture the gnoll!
You kill the gnoll!
Lugonu accepts your kill.
The gnoll hits you from afar with a halberd!
You die...

.....⌠..........#######..#**#,,,,
####...#####.#...........,,.,,,,,
,,,+#.#+,,,**#...######.#*.#*,,,,
8,,,#.#,,,8,*##...####..##.##.,,,
,_,,#.#,,_,,*#..#...##........,,,
8,8,#.#,8,8,*#.####.##........,,,
,,,##.##,,,**#.# #...........,,,
***#...#######.#######........,,,
##...........@)gg..........,,,
##########.#####..........,,,
*#..#***##.####.###*,,
#..##*,,,...#**.# *,,
*#.#**,,,..g..#*,# ***
*..**,,,...g....,* *
#.#**,,.........#* *#.*
*,.........## *,,***..........#


You could see 2 gnolls.

Vanquished Creatures
  A gnoll (D:2)
  A dart slug (D:2)
  5 giant geckos
  3 giant cockroaches
  2 goblins (D:1)
  4 hobgoblins
  5 kobolds (D:1)
  A quokka (D:2)
  2 bats
  3 giant newts
  3 rats (D:1)
30 creatures vanquished.

Notes
Turn   | Place    | Note
--------------------------------------------------------------
     0 | Abyss:1  | pandaman124 the Demonspawn Abyssal Knight began the quest for the Orb.
     0 | Abyss:1  | Reached XP level 1. HP: 18/18 MP: 2/2
    93 | Abyss:1  | Noticed a thrashing horror
    93 | D:1      | Escaped the Abyss
   282 | D:1      | Reached skill level 1 in Dodging
   297 | D:1      | Gained mutation: You have sharp fingernails. [demonic ancestry]
   297 | D:1      | Reached XP level 2. HP: 9/24 MP: 3/3
   513 | D:1      | Reached * piety under Lugonu
  1158 | D:2      | Reached XP level 3. HP: 22/29 MP: 5/5
  1356 | D:2      | Slain by a gnoll

Skill      XL: |  1  2 |
---------------+-------+-----
Dodging        | 1 |  1.0
Armour         | 2 |  2.0
Polearms       | 2 |  2.4
Invocations    | 3 |  3.4
Fighting       | |  3.5

Action                   || total
-------------------------++-------
Melee: Spear             ||   107
Invok: Depart the Abyss  ||     1
  Use: Scroll            ||     7
  Eat: Chunk             ||     2
Armor: Leather armour    ||     7
       Chain mail        ||    50
Dodge: Dodged            ||    35
